 Dungeon Crawl Stone Soup version bcrawl-1.21.2-1-g32d02e0829 (webtiles) character file.

Game seed: 13081533353854950121

7282 Foic the Thaumaturge (level 11, -7/61 HPs)
             Began as a Fairy Summoner on Feb 20, 2020.
             Was a Priest of Sif Muna.
             Killed by divine providence
             ... invoked by a meliai
              (8 damage)
             ... in a Gauntlet on Feb 21, 2020.
             The game lasted 01:55:52 (10920 turns).

Foic the Thaumaturge (Fairy Summoner)              Turns: 10920, Time: 01:55:52

Health: -7/61      AC: 10    Str:  6    XL:     11   Next: 12%
Magic:  24/38      EV: 23    Int: 29    God:    Sif Muna [***...]
Gold:   594        SH: 15    Dex: 14    Spells: 17/35 levels left

rFire    . . .     SeeInvis .   j - +0 dagger (protect)
rCold    . . .     Gourm    .   z - +0 buckler
rNeg     . . .     Faith    .   (armour unavailable)
rPois    .         Spirit   .   E - +0 helmet
rElec    .         Reflect  +   n - +1 cloak
rCorr    .         Harm     .   C - +0 pair of gloves
MR       +....     NoTele   +   (no boots)
Stlth    +.........             F - +4 amulet of reflection
HPRegen  0.20/turn              r - ring of magical power
MPRegen  0.26/turn              y - +3 ring of intelligence

@: brilliant, flying evasively
A: small, magic attunement, unstealthy, unfitting armour, able to fly, AC/SH +6
a: Stop Flying, Divine Energy, Channel Magic, Renounce Religion


You were in a Gauntlet.
You worshipped Sif Muna.
Sif Muna was most pleased with you.
You were not hungry.

You visited 3 branches of the dungeon, and saw 12 of its levels.
You also visited: Gauntlet.

You collected 594 gold pieces.

Inventory:

Hand Weapons
 d - a +2 quarterstaff of chaos
 j - a +0 dagger of protection (weapon)
 p - a +2 dagger of draining
 t - a +0 trident
Missiles
 a - 2323 stones (quivered)
 k - 673 arrows
 s - 350 tomahawks
Armour
 l - a +0 troll leather armour
 n - a +1 cloak (worn)
 z - a +0 buckler (worn)
 C - a +0 pair of gloves (worn)
 E - a +0 helmet (worn)
Jewellery
 c - an uncursed amulet of faith
 q - an uncursed ring of fire
 r - a ring of magical power (left hand)
 y - a +3 ring of intelligence (right hand)
 F - a +4 amulet of reflection (around neck)
Wands
 w - a wand of polymorph (11)
 B - a wand of disintegration (11)
 G - a wand of scattershot (5)
Scrolls
 b - a scroll of summoning
 g - 3 scrolls of enchant armour
 h - 3 scrolls of blinking {unknown}
 m - 9 scrolls of teleportation
 o - 7 scrolls of identify
 u - a scroll of magic mapping {unknown}
 A - 2 scrolls of amnesia {unknown}
 D - 2 scrolls of fog {unknown}
 H - a scroll of noise {unknown}
 I - 4 scrolls of remove curse {unknown}
 J - 2 scrolls of immolation {unknown}
 K - a scroll of enchant weapon {unknown}
 L - a scroll of fear {unknown}
Potions
 i - 6 potions of lignification {unknown}
 v - 3 potions of berserk rage {unknown}
 x - a potion of ambrosia {unknown}
 M - a potion of invisibility {unknown}
 N - 3 potions of agility {unknown}
 O - a potion of haste {unknown}
Comestibles
 e - 24 rations {!d}


   Skills:
 * Level 10.4 Dodging
 - Level 1.5 Stealth
 + Level 1.8 Shields
 + Level 12.7 Spellcasting
 + Level 1.7 Conjurations
 + Level 11.6 Summonings
 + Level 1.5 Ice Magic


You had 17 spell levels left.
You knew the following spells:

 Your Spells              Type           Power        Failure   Level  Hunger
a - Summon Small Mammal   Summ           ####         1%          1    None
b - Call Imp              Summ           ######       1%          2    None
c - Call Canine Familiar  Summ           #######.     1%          3    None
d - Summon Ice Beast      Ice/Summ       ######..     1%          4    None
e - Blink                 Tloc           N/A          1%          2    None
f - Magic Dart            Conj           ####         1%          1    None
g - Conjure Flame         Conj/Fire      #####...     1%          3    None
h - Swiftness             Chrm/Air       #####...     1%          2    None

Your spell library contained the following spells:

 Spells                   Type           Power        Failure   Level  Hunger
 Sandblast                Erth           #####.       1%          1    None
 Shock                    Conj/Air       #####        1%          1    None
 Passwall                 Tmut/Erth      #####...     1%          2    None
 Mephitic Cloud           Conj/Pois/Air  #####...     1%          3    None
 Spider Form              Tmut/Pois      ###          1%          3    None
 Static Discharge         Air            #####...     1%          3    None
 Stone Arrow              Conj/Erth      #####.       1%          3    None
 Summon Lightning Spire   Summ/Air       ######..     1%          5    None
 Airstrike                Air            #####.....   4%          4    None
 Petrify                  Tmut/Erth      #####...     4%          4    None
 Lightning Bolt           Conj/Air       #####.....   9%          5    None
 Lee's Rapid Deconstruct  Erth           #####.....   12%         5    None
 Freezing Cloud           Ice/Air        #####.....   38%         6    None
 Deflect Missiles         Chrm/Air       #####.....   47%         6    None
 Icicle Burst             Conj/Ice       #####.....   78%         7    None


Dungeon Overview and Level Annotations

Branches:
Dungeon (8/12)             Temple (1/1) D:6            Lair (3/6) D:7
 Spider (0/3) Lair:3
  Swamp: Lair:2-4    Shoals: Lair:2-4       Orc: D:8-11

Altars:
Ashenzari
Cheibriados
Dithmenos
Elyvilon
Fedhas
Gozag
Hepliaklqana
Kikubaaqudgha
Lugonu
Makhleb
Nemelex Xobeh
Okawaru
Qazlal
Ru
Sif Muna
Trog
Uskayaw
Vehumet
Wu Jian
Xom
Yredelemnul
Zin
The Shining One
Beogh

Shops:
D:6 (

Annotations:
D:7 2 transporters Gauntlet 9 transporters


Innate Abilities, Weirdness & Mutations

Your spells do not cause hunger and MP costs are reduced by 1.
Your bright wings attract enemies. (Stealth-)
You cannot fit into any form of body armour.
Your shimmering scales are hard and can block incoming attacks. (AC +6, SH +6)
You are small and have problems with some larger weapons.
You can fly continuously.


Message History

Attack!
The meliai calls upon its god to heal the meliai.
The meliai is healed somewhat.
You block the meliai's attack.
The meliai closely misses your ice beast.
The meliai stings you.
* * * LOW HITPOINT WARNING * * *
You block the meliai's attack.
The meliai closely misses your ice beast.
You block the meliai's attack.
Your ice beast hits the meliai.
Your ice beast freezes the meliai!
The meliai dies!
Sif Muna accepts your kill.
Casting: Summon Ice Beast (safe; 1% risk of failure)
Confirm with . or Enter, or press ? or * to list all spells.
The meliai mumbles some strange prayers to its god against you.
Something smites you!
* * * LOW HITPOINT WARNING * * *
The meliai calls down the wrath of its god upon you.
Something smites you!
You die...

#################################
......8.............8............
.................................
#####...###########...###########
....#...#.........#...#.........#
..#.#...#.#..y..#.#...#.#.##.##.#
##..#####..##.##yY#####a#......}#
##..#...#..##.##)?#...#s##.##.#[#
.#.©#©.©#..#.©.#@h#©.©#s.#.©#..©#
##..#...#..##.##.|#...#..##.##.?#
##..#####..##.##.=#####......#..#
..#.#...#.#.....#.#...#.#.##.##a#
....#...#.........#...#.......ss#
#####...###########...###########
.................................
......⌠.............⌠............
.................................


You could see an entropy weaver, a wolf spider, a jumping spider, a meliai, a
friendly warg and a friendly ice beast.

Vanquished Creatures
  A bullfrog (D:6)
  2 orc priests (D:6)
  A hound skeleton (D:6)
  A kobold (D:7)
5 creatures vanquished.

Vanquished Creatures (collateral kills)
  An unseen horror (D:8)
  A sixfirhy (Gauntlet)
  Pikel (D:7)
  A black mamba (Lair:2)
  2 cane toads (Lair:1)
  2 meliai (Gauntlet)
  A hornet (D:7)
  A troll (D:8)
  Prince Ribbit (D:7)
  5 blink frogs (Lair:2)
  3 hippogriffs
  15 yaks
  A wyvern (D:5)
  A wraith (D:7)
  A basilisk (D:7)
  2 hungry ghosts
  5 crocodiles
  A water moccasin (Lair:1)
  6 porcupines
  A slave (D:7)
  5 orc warriors
  An ice beast (D:5)
  4 sky beasts
  3 black bears (D:7)
  3 necrophages
  An eye of draining (D:6)
  2 wolves (D:7)
  2 ogres (D:8)
  A centaur (D:6)
  6 bullfrogs
  A big kobold (D:7)
  A gnoll sergeant (D:7)
  4 scorpions
  A water moccasin skeleton (D:4)
  20 killer bees
  3 wights (D:5)
  3 crimson imps (D:6)
  A bullfrog zombie (D:8)
  5 orc priests
  2 jellies
  Crazy Yiuf (D:2)
  A centaur zombie (D:8)
  4 hounds
  A centaur skeleton (D:5)
  A worker ant (D:5)
  5 iguanas
  2 orc wizards
  2 hound skeletons (D:7)
  A worker ant zombie (D:5)
  7 gnolls
  A howler monkey skeleton (D:8)
  7 adders
  A shadow imp (D:7)
  An adder skeleton (D:5)
  5 worms
  4 leopard geckos
  39 orcs
  A ball python (D:1)
  6 giant cockroaches
  5 goblins
  13 hobgoblins
  6 jackals
  11 kobolds
  4 quokkas
  7 bats
  4 frilled lizards
  2 rats
  2 fungi
  A plant (D:7)
266 creatures vanquished.

Vanquished Creatures (others)
  A centaur (D:8)
  A jackal (D:7)
  A bush (D:7)
  3 fungi (D:7)
  33 plants
39 creatures vanquished.

Grand Total: 310 creatures vanquished

Notes
Turn   | Place    | Note
-------+----------+-------------------------------------------
     0 | D:1      | Foic the Fairy Summoner began the quest for the Orb.
     0 | D:1      | Reached XP level 1. HP: 11/11 MP: 6/6
   203 | D:1      | Reached XP level 2. HP: 17/17 MP: 7/7
   223 | D:1      | Learned a level 2 spell: Call Imp
   289 | D:1      | Reached skill level 3 in Spellcasting
   754 | D:1      | Reached skill level 5 in Summonings
  1152 | D:2      | Reached XP level 3. HP: 21/21 MP: 9/9
  1158 | D:2      | Learned a level 3 spell: Call Canine Familiar
  1158 | D:2      | Found a shattered altar of Ashenzari.
  1817 | D:2      | Found a runed door.
  1831 | D:2      | Noticed Crazy Yiuf
  1874 | D:2      | Killed Crazy Yiuf
  1874 | D:2      | Reached XP level 4. HP: 27/27 MP: 11/11
  2026 | D:3      | Reached skill level 4 in Spellcasting
  2124 | D:3      | Found a faded altar of an unknown god.
  2609 | D:3      | Learned a level 4 spell: Summon Ice Beast
  2794 | D:4      | Found a roughly hewn altar of Beogh.
  2820 | D:4      | Reached XP level 5. HP: 16/31 MP: 10/13
  3132 | D:4      | Found a white marble altar of Elyvilon.
  3301 | D:4      | Learned a level 2 spell: Blink
  3303 | D:4      | Learned a level 1 spell: Magic Dart
  3524 | D:4      | Found a basalt altar of Yredelemnul.
  3547 | D:5      | Entered Level 5 of the Dungeon
  3688 | D:5      | Noticed an ice beast
  3712 | D:5      | Killed an ice beast
  3712 | D:5      | Reached skill level 5 in Spellcasting
  3712 | D:5      | Reached XP level 6. HP: 36/36 MP: 15/15
  4013 | D:5      | Noticed a sky beast
  4045 | D:5      | Killed a sky beast
  4205 | D:5      | Reached skill level 6 in Spellcasting
  4256 | D:5      | Noticed a wyvern
  4283 | D:5      | Killed a wyvern
  4283 | D:5      | Reached XP level 7. HP: 41/41 MP: 17/18
  4534 | D:5      | Reached skill level 5 in Dodging
  4790 | D:6      | Noticed a hungry ghost
  4820 | D:6      | Killed a hungry ghost
  4862 | D:6      | Reached skill level 7 in Spellcasting
  4893 | D:6      | Found a stormy altar of Qazlal.
  4894 | D:6      | Found a shimmering altar of Xom.
  4896 | D:6      | Found a radiant altar of Vehumet.
  4896 | D:6      | Found an opulent altar of Gozag.
  4896 | D:6      | Found a sparkling altar of Nemelex Xobeh.
  4898 | D:6      | Found a shadowy altar of Dithmenos.
  4898 | D:6      | Found a sacrificial altar of Ru.
  4985 | D:6      | Found Uces's Weapon Shop.
  5081 | D:6      | Reached XP level 8. HP: 46/46 MP: 21/21
  5628 | D:6      | Found a staircase to the Ecumenical Temple.
  5686 | Temple   | Entered the Ecumenical Temple
  5734 | Temple   | Became a worshipper of Sif Muna the Loreminder
  5892 | D:6      | Noticed a hippogriff
  5905 | D:6      | Killed a hippogriff
  5905 | D:6      | Reached skill level 8 in Spellcasting
  6131 | D:7      | Noticed a wraith
  6146 | D:7      | Killed a wraith
  6321 | D:7      | Reached skill level 1 in Conjurations
  6383 | D:7      | Reached * piety under Sif Muna
  6428 | D:7      | Reached skill level 9 in Spellcasting
  6477 | D:7      | Identified Sif Muna's Disquisition on Flight and
                  | Confrontation (Sif Muna gifted it to you on level 7 of the
                  | Dungeon)
  6477 | D:7      | Received a gift from Sif Muna
  6477 | D:7      | Reached XP level 9. HP: 51/51 MP: 24/24
  6518 | D:7      | Noticed a hornet
  6518 | D:7      | Noticed Pikel
  6539 | D:7      | Killed a hornet
  6550 | D:7      | Killed Pikel
  6793 | D:7      | Found a staircase to the Lair.
  6816 | D:7      | Found a transporter.
  6853 | D:7      | Found a transporter.
  6912 | D:7      | Reached skill level 10 in Spellcasting
  6990 | D:7      | Noticed Prince Ribbit
  7025 | D:7      | Killed Prince Ribbit
  7248 | D:8      | Killed an unseen horror
  7481 | D:8      | Reached skill level 10 in Summonings
  7488 | D:8      | Reached ** piety under Sif Muna
  7515 | D:8      | Learned a level 3 spell: Conjure Flame
  7521 | D:8      | Received a gift from Sif Muna
  7521 | D:8      | Reached XP level 10. HP: 56/56 MP: 26/26
  7622 | D:8      | Reached skill level 11 in Spellcasting
  8387 | Lair:1   | Entered Level 1 of the Lair of Beasts
  8663 | Lair:1   | Reached skill level 1 in Shields
  8718 | Lair:1   | Found a hazy altar of Hepliaklqana.
  8721 | Lair:1   | Noticed a cane toad
  8737 | Lair:1   | Killed a cane toad
  8993 | Lair:1   | Noticed a cane toad
  9001 | Lair:1   | Killed a cane toad
  9368 | Lair:2   | Reached skill level 10 in Dodging
  9412 | Lair:2   | Learned a level 2 spell: Swiftness
  9665 | Lair:2   | Reached skill level 12 in Spellcasting
  9879 | Lair:2   | Noticed a black mamba
  9892 | Lair:2   | Killed a black mamba
 10213 | Lair:2   | Reached skill level 1 in Ice Magic
 10268 | Lair:3   | Found a gate leading to a gauntlet.
 10276 | Lair:3   | Found a hole to the Spider Nest.
 10283 | Lair:3   | Reached XP level 11. HP: 61/61 MP: 29/29
 10307 | Lair:3   | Reached *** piety under Sif Muna
 10356 | Gauntlet | Entered a Gauntlet
 10356 | Gauntlet | Found a transporter.
 10356 | Gauntlet | Found a transporter.
 10362 | Gauntlet | Found a transporter.
 10364 | Gauntlet | Found a transporter.
 10364 | Gauntlet | Noticed a sixfirhy
 10376 | Gauntlet | Found a transporter.
 10378 | Gauntlet | Found a transporter.
 10385 | Gauntlet | Noticed a wolf spider
 10387 | Gauntlet | Noticed an entropy weaver
 10388 | Gauntlet | Found a transporter.
 10396 | Gauntlet | Found a transporter.
 10413 | Gauntlet | Found a transporter.
 10417 | Gauntlet | Found a transporter.
 10427 | Gauntlet | Found a transporter.
 10431 | Gauntlet | Found a transporter.
 10432 | Gauntlet | Noticed a worldbinder
 10829 | Gauntlet | Killed a sixfirhy
 10920 | Gauntlet | HP: 1/61 [meliai/divine providence (12)]
 10920 | Gauntlet | Killed from afar by a meliai

Skill      XL: |  1  2  3  4  5  6  7  8  9 10 |
---------------+-------------------------------+-----
Spellcasting   | 3 4 5 6 7 9 10 12 | 12.7
Summonings     | 5 6 7 8 10 11 | 11.6
Dodging        | 3 4 5 7 8 10 | 10.4
Conjurations   | 1 |  1.7
Shields        | 1 |  1.8
Ice Magic      | 1 |  1.5
Stealth        | |  1.5

Action                   |  1- 3 |  4- 6 |  7- 9 | 10-12 || total
-------------------------+-------+-------+-------+-------++-------
Melee: Dagger            |     6 |     1 |       |       ||     7
Throw: Stone             |       |     1 |       |       ||     1
 Cast: Summon Small Mamm |   159 |   132 |   217 |    95 ||   603
       Call Canine Famil |     7 |    36 |    46 |    39 ||   128
       Call Imp          |     1 |     4 |    83 |    65 ||   153
       Magic Dart        |       |    14 |    51 |    21 ||    86
       Summon Ice Beast  |       |       |       |    26 ||    26
  Use: Scroll            |     1 |     5 |     1 |       ||     7
       Potion            |       |       |     1 |     2 ||     3
  Eat: Chunk             |     3 |     6 |    11 |     5 ||    25
       Ration            |       |       |       |     2 ||     2
Armor: Skin              |     3 |     8 |       |    10 ||    21
Dodge: Dodged            |    18 |    27 |    26 |    86 ||   157
Block: Other             |     3 |     4 |     6 |       ||    13
       Buckler           |       |       |     6 |   111 ||   117
       Reflection        |       |       |       |     1 ||     1
